 Dungeon Crawl Stone Soup version 0.31-a0-115-g4708a659fe (webtiles) character file.

Game seed: 11375642486401110541

2956 MacCMillion the Scholar of Death (level 9, -3/62 HPs)
             Began as a Mummy Necromancer on May 29, 2023.
             Was a Follower of Kikubaaqudgha.
             Slain by a yak (4 damage)
             ... while petrified by a basilisk
             ... on level 8 of the Dungeon.
             The game lasted 00:23:44 (7677 turns).

MacCMillion the Scholar of Death (MuNe)             Turns: 7677, Time: 00:23:45

Health: -3/62      AC:  5    Str: 11    XL:     9   Next: 52%
Magic:  19/19      EV:  2    Int: 19    God:    Kikubaaqudgha [*.....]
Gold:   267        SH:  0    Dex: 12    Spells: 14/22 levels left

rFire   . . .        o - +6 club
rCold   + + .        (no shield)
rNeg    + + +        p - +2 robe {rC+}
rPois   ∞            (no helmet)
rElec   .            s - +0 cloak
rCorr   .            (no gloves)
SInv    .            (no boots)
Will    +....        (no amulet)
Stlth   ++           n - +5 ring of evasion
HPRegen 0.30/turn    q - ring of protection from fire
MPRegen 0.16/turn

%: faith
@: petrified
A: cold resistance 1, negative energy resistance 3, torment resistance 2, heat
vulnerability 1, in touch with death 1, no potions, faith
a: Renounce Religion, Unearth Wretches


You were on level 8 of the Dungeon.
You worshipped Kikubaaqudgha.
Kikubaaqudgha was aware of your devotion.
You visited 2 branches of the dungeon, and saw 9 of its levels.

You collected 429 gold pieces.
You spent 162 gold pieces at shops.

Inventory:

Hand Weapons
 c - a +0 long sword
 d - a +0 dagger
 e - a +0 sling
 f - a +0 spear
 o - a +6 club (weapon)
 t - a +2 trident of flaming
Missiles
 j - a throwing net
 v - 4 atropa-tipped darts
Armour
 a - a +0 robe
 p - a +2 robe of cold resistance (worn)
 s - a +0 cloak (worn)
Jewellery
 n - a +5 ring of evasion (left hand)
 q - a ring of protection from fire (right hand)
 y - a ring of wizardry
 z - a ring of protection from cold
 A - a ring of protection from fire
Wands
 h - a wand of quicksilver (9)
 m - a wand of paralysis (14)
Scrolls
 b - 5 scrolls of teleportation
 g - 2 scrolls of enchant armour
 i - 2 scrolls of silence
 k - 3 scrolls of magic mapping
 l - 2 scrolls of fog
 r - a scroll of vulnerability
 u - a scroll of butterflies
 w - a scroll of blinking
 x - a scroll of poison
 B - a scroll of identify


   Skills:
 + Level 2.8 Fighting
 + Level 3.0 Dodging
 - Level 1.5 Stealth
 - Level 7.0 Spellcasting
 - Level 12.0 Necromancy


You had 14 spell levels left.
You knew the following spells:

 Your Spells              Type           Power      Damage    Failure   Level
a - Necrotise             Necr           100%       1d9       1%          1
b - Vampiric Draining     Necr           68%        2d10      1%          3
c - Animate Dead          Necr           68%        N/A       1%          4

Your spell library contained the following spells:

 Spells                   Type           Power      Damage    Failure   Level
 Kiss of Death            Conj/Necr      100%       2d13      1%          1
 Agony                    Necr           68%        N/A       1%          5
 Cigotuvi's Dreadful Rot  Necr/Pois/Air  64%        N/A       3%          2
 Anguish                  Hex/Necr       22%        N/A       9%          4
 Ensorcelled Hibernation  Hex/Ice        12%        N/A       16%         2
 Spider Form              Tmut/Pois      Unusable   N/A       N/A         3

Dungeon Overview and Level Annotations

Branches:
Dungeon (8/15)             Temple (1/1) D:4            Lair (0/5) D:8

Altars:
Cheibriados
Dithmenos
Fedhas
Gozag
Hepliaklqana
Kikubaaqudgha
Makhleb
Nemelex Xobeh
Okawaru
Qazlal
Ru
Sif Muna
Trog
Uskayaw
Vehumet
Wu Jian
Xom
Yredelemnul

Shops:
D:3 ?(!*[   D:4 *

Annotations:
D:4 2 transporters, Colgate's ghost, amateur MeNe; Sigmund


Innate Abilities, Weirdness & Mutations

You are immune to poison.
Your flesh is cold resistant. (rC+)
You are immune to negative energy. (rN+++)
You are immune to unholy pain and torment.
You are vulnerable to heat. (rF-)
You are in touch with the powers of death.
You do not drink.
You have a special connection with the divine. (Faith)


Message History

You start resting.
HP restored.
A yak comes into view.
Found a staircase to the Lair.
The yak bellows!
You hear a bellow!
A yak comes into view. x2
As you read the scroll of fog, it crumbles to dust.
The scroll dissolves into smoke.
A yak is nearby!
A basilisk comes into view.
You feel a surge of power!
The yak writhes in agony.
The basilisk hisses angrily.
The basilisk gazes at you.
You are slowing down.
You see here a +0 short sword.
Your limbs are stiffening.
There is a stone staircase leading up here.
The basilisk bites you! The yak gores you!
You have turned to stone.
You stop ascending the stairs.
The basilisk bites you! The yak gores you. The basilisk bites you!
The yak gores you but does no damage. The basilisk gazes at you.
You easily resist.
The yak gores you! The basilisk bites you! The yak completely misses you.
The basilisk bites you!
* * * LOW HITPOINT WARNING * * *
The yak barely misses you. The basilisk bites you!
* * * LOW HITPOINT WARNING * * *
The yak gores you!
* * * LOW HITPOINT WARNING * * *
The basilisk bites you but does no damage.
The yak gores you but does no damage. The basilisk bites you.
* * * LOW HITPOINT WARNING * * *
The yak gores you. The basilisk gazes at you.
You easily resist.
The yak gores you!
You die...
Kikubaaqudgha rasps: "You have failed me!
Welcome... oblivion!"

### ..## ...## ########
....## ##......####
.....######..........###
.....#..#..............#
.....#..#......).......##
.....#.........)@.......#
....##.........Yl.......#
....##..................## ##
...###...................#..#
...# #.....................#
..## #....................##
#)# #..................###
§## #..)...............#
§§####).................#


You could see a yak and a basilisk.

Vanquished Creatures
  2 wyverns
  Eustachio (D:4)
  A basilisk (D:8)
  3 water moccasins
  An ice beast (D:7)
  A sky beast (D:7)
  3 ogres
  A centaur (D:6)
  3 kobold brigands
  3 bullfrogs (D:7)
  5 scorpions
  2 jellies
  2 orc priests
  2 gnoll boudas
  6 hounds
  A sleepcap (D:6)
  Jessica (D:3)
  2 iguanas (D:5)
  6 orc wizards
  7 gnolls
  7 adders
  3 shadow imps
  A worm (D:2)
  4 dart slugs
  12 orcs
  8 ball pythons
  2 bats
  5 endoplasms
  3 giant cockroaches
  7 goblins
  8 hobgoblins
  6 jackals
  A quokka (D:2)
  3 frilled lizards
  15 kobolds
  4 rats
142 creatures vanquished.

Vanquished Creatures (collateral kills)
  An orc (D:3)
  2 goblins
  2 rats (D:1)
5 creatures vanquished.

Grand Total: 147 creatures vanquished

Notes
Turn   | Place    | Note
-------+----------+-------------------------------------------
     0 | D:1      | MacCMillion the Mummy Necromancer began the quest for the
                  | Orb.
     0 | D:1      | Reached XP level 1. HP: 13/13 MP: 4/4
   148 | D:1      | Reached XP level 2. HP: 18/19 MP: 0/6
   689 | D:1      | Gained mutation: You are in touch with the powers of death.
                  | [Mummy growth]
   689 | D:1      | Reached XP level 3. HP: 24/24 MP: 2/8
   813 | D:1      | Learned a level 3 spell: Vampiric Draining
  1252 | D:2      | Reached XP level 4. HP: 30/30 MP: 7/10
  1531 | D:2      | Reached skill level 5 in Necromancy
  1809 | D:2      | Found a faded altar of an unknown god.
  1933 | D:3      | Found an iron altar of Okawaru.
  2079 | D:3      | Noticed Jessica
  2086 | D:3      | Killed Jessica
  2087 | D:3      | Reached skill level 5 in Spellcasting
  2087 | D:3      | Reached XP level 5. HP: 26/35 MP: 3/12
  2178 | D:3      | Found Ucvism's Antique Armour Shop.
  2189 | D:3      | Bought an embroidered robe for 92 gold pieces
  2339 | D:3      | Found Zuuwkih's Assorted Antiques.
  2411 | D:3      | Found Hala's Weapon Shoppe.
  2630 | D:3      | Found Omogeb's Magic Scroll Boutique.
  2638 | D:3      | Bought a scroll of identify for 24 gold pieces
  2736 | D:3      | Found Coesi's Distillery.
  2960 | D:3      | Bought a scroll labelled IGROMAUZOCH for 23 gold pieces
  2960 | D:3      | Bought a scroll labelled HYODOINI QAOQ for 23 gold pieces
  2977 | D:4      | Noticed Eustachio
  2984 | D:4      | Killed Eustachio
  2985 | D:4      | Reached skill level 6 in Necromancy
  2985 | D:4      | Reached XP level 6. HP: 38/41 MP: 5/13
  3159 | D:4      | Found a staircase to the Ecumenical Temple.
  3167 | Temple   | Entered the Ecumenical Temple
  3167 | Temple   | Found a transporter.
  3167 | Temple   | Found a transporter.
  3169 | Temple   | Found a transporter.
  3169 | Temple   | Found a transporter.
  3410 | D:4      | Found Kaonep's General Store.
  3523 | D:4      | Noticed Sigmund
  3687 | D:4      | Found a transporter.
  3688 | D:4      | Found a transporter.
  3689 | D:4      | Noticed Colgate's ghost (amateur MeNe)
  3783 | D:5      | Entered Level 5 of the Dungeon
  3807 | D:5      | Reached skill level 7 in Necromancy
  4048 | D:5      | Reached XP level 7. HP: 46/46 MP: 9/14
  4200 | D:5      | Reached skill level 8 in Necromancy
  4725 | D:5      | Reached skill level 9 in Necromancy
  4979 | D:5      | Found a blossoming altar of Fedhas.
  5027 | D:5      | Reached XP level 8. HP: 49/52 MP: 10/15
  5027 | D:5      | Found a stormy altar of Qazlal.
  5298 | D:6      | Found a bloodstained altar of Trog.
  5442 | D:6      | Reached skill level 10 in Necromancy
  5811 | D:6      | Learned a level 4 spell: Animate Dead
  6146 | D:7      | Found a sparkling altar of Nemelex Xobeh.
  6147 | D:7      | Found a shadowy altar of Dithmenos.
  6170 | D:7      | Reached skill level 11 in Necromancy
  6242 | D:7      | Found a snail-covered altar of Cheibriados.
  6243 | D:7      | Found a basalt altar of Yredelemnul.
  6243 | D:7      | Found an ornate altar of the Wu Jian Council.
  6243 | D:7      | Found a hazy altar of Hepliaklqana.
  6244 | D:7      | Found an ancient bone altar of Kikubaaqudgha.
  6245 | D:7      | Found a hide-covered altar of Uskayaw.
  6250 | D:7      | Became a worshipper of Kikubaaqudgha
  6368 | D:6      | Reached XP level 9. HP: 48/57 MP: 15/19
  7094 | D:7      | Reached skill level 12 in Necromancy
  7103 | D:7      | Reached * piety under Kikubaaqudgha
  7103 | D:7      | Received a gift from Kikubaaqudgha
  7302 | D:7      | Identified the +2 leather armour of the Trilobite {rN++}
  7387 | D:8      | Reached skill level 1 in Fighting
  7631 | D:8      | Found a staircase to the Lair.
  7674 | D:8      | HP: 2/62 [yak (6)]
  7677 | D:8      | Slain by a yak

Illustrated notes

Levels and vault maps discovered:
D:1:      grunt_arrival_lava_bath, layout_basic, minmay_pentomino_t2
D:2:      layout_loops_cross, shapermc_ecumenical_altar_venn
D:3:      layout_loops_corners, mainiacjoe_overflow_cross_hatched, serial_shops,
          nicolae_shop_just_a_little_nook, shop, nicolae_shop_waterfront, shop,
          shop, uniq_jessica
D:4:      layout_loops_cross, minmay_temple_entry_steel_oval, serial_rivers,
          chequers_serial_rivers_small_b, chequers_serial_rivers_room_b,
          chequers_serial_rivers_micro_e, chequers_serial_rivers_small_3,
          chequers_serial_rivers_micro_e, serial_shops, shop,
          gammafunk_ghost_mausoleum, uniq_eustachio, uniq_sigmund
D:5:      layout_basic, grunt_temple_overflow_forces_of_nature
D:6:      layout_rooms, trog_three_pillars_becter
D:7:      layout_loops_ring, minitemple
D:8:      layout_cave_pods, lemuel_coloured_pillars_altar,
          minmay_lair_entry_grove, chequers_serial_rivers_micro_b,
          nicolae_diode_basic
Temple:   hellmonk_temple_divided_pantheon

Skill      XL: |  1  2  3  4  5  6  7  8  9 |
---------------+----------------------------+-----
Spellcasting   | 3 4 5 7 |  7.0
Necromancy     | 5 6 7 9 11 12 | 12.0
Fighting       | 2 |  2.8
Dodging        | 3 |  3.0
Stealth        | |  1.5

Action                     |  1- 3 |  4- 6 |  7- 9 || total
---------------------------+-------+-------+-------++-------
  Melee: Long sword        |    12 |       |       ||    12
         Dagger            |     2 |     2 |       ||     4
         Club              |       |     7 |   152 ||   159
         Punch             |       |       |     2 ||     2
   Cast: Necrotise         |    62 |    83 |   158 ||   303
         Vampiric Draining |       |       |    28 ||    28
    Use: Scroll            |       |     5 |     6 ||    11
 Armour: Robe              |     3 |     2 |    52 ||    57
  Dodge: Dodged            |    16 |    29 |   214 ||   259

Table legend: (Time is in decaauts)
 A = Elapsed time spent in this place.
 B = Non-inter-level travel time spent in this place.
 C = Inter-level travel time spent in this place.
 D = Time resting spent in this place.
 E = Time spent auto-exploring this place.
 F = Levels seen in this place.
 G = Mean time per level.
                   A        B        C        D        E       F      G
               +--------+--------+--------+--------+--------+-----+--------+
         Total |   7733 |   7295 |    438 |   1760 |   3085 |   9 |  859.2 |
       Dungeon |   7698 |   7267 |    431 |   1760 |   3077 |   8 |  962.2 |
        Temple |     34 |     27 |      7 |      0 |      8 |   1 |   34.0 |
               +--------+--------+--------+--------+--------+-----+--------+

Top non-repeatable levels by time:
     D:5: 1367 daAuts
     D:7: 1352 daAuts
     D:1: 1135 daAuts
     D:3: 1132 daAuts
     D:4: 827 daAuts
     D:6: 786 daAuts
     D:2: 760 daAuts
     D:8: 335 daAuts
  Temple: 34 daAuts
